 Dungeon Crawl Stone Soup version 0.23.0-3-gf3c87f2 (webtiles) character file.

Game seed: 12394317739444047103

14121 mortelune the Agent of Entropy (level 11, -13/92 HPs)
             Began as a Demonspawn Abyssal Knight on Feb 24, 2019.
             Was a Priest of Lugonu.
             Killed from afar by a swamp worm (15 damage)
             ... with a harpoon shot
             ... on level 4 of the Lair of Beasts.
             The game lasted 00:41:20 (16746 turns).

mortelune the Agent of Entropy (DsAK)              Turns: 16746, Time: 00:41:20

Health: -13/92     AC: 21    Str: 15    XL:     11   Next: 84%
Magic:  28/28      EV:  7    Int: 14    God:    Lugonu [***...]
Gold:   744        SH:  4    Dex: 13    Spells: 10/10 levels left

rFire    + . .     SeeInvis .   i - +4 scimitar (flame)
rCold    . . .     Gourm    .   (no shield)
rNeg     . . .     Faith    .   f - +4 chain mail
rPois    .         Spirit   .   E - +2 hat
rElec    .         Reflect  +   s - scarf {cloud immunity}
rCorr    .         Harm     .   (no gloves)
MR       .....                  H - +0 pair of boots
Stlth    ..........             T - +4 amulet of reflection
HPRegen  0.25/turn              K - ring of magical power
MPRegen  0.21/turn              p - ring of protection from fire

@: about to teleport, very slightly contaminated
A: talons 1, icy blue scales 2, nightstalker 2, spiny 3
a: Depart the Abyss, Bend Space, Banish, Renounce Religion


You were on level 4 of the Lair of Beasts.
You worshipped Lugonu.
Lugonu was most pleased with you.
You were very hungry.

You visited 2 branches of the dungeon, and saw 14 of its levels.
You visited the Abyss 1 time.
You also visited: Volcano.

You collected 1024 gold pieces.
You spent 280 gold pieces at shops.

Inventory:

Hand Weapons
 i - a +4 scimitar of flaming (weapon)
 q - the +8 spear "Jomoeth" {pain, +Fly rPois Str-3 SInv}
   (You found it on level 1 of the Lair of Beasts)

   In the hands of one skilled in necromantic magic, it inflicts extra damage on
   living creatures.
   It affects your strength (-3).
   It protects you from poison.
   It lets you see invisible.
   It lets you fly.
 C - a +2 long sword of protection
 R - the +10 short sword of Pug Ypev {antimagic, *Noise rPois Str+4}
   (You found it on level 2 of the Lair of Beasts)

   It reduces the magical energy of the wielder, and disrupts the spells and
   magical abilities of those hit.
   Natural abilities and divine invocations are not affected.
   It affects your strength (+4).
   It protects you from poison.
   It may make noises in combat.
Missiles
 r - 256 stones (quivered)
Armour
 b - a +0 leather armour
 e - a +0 ring mail
 f - a +4 chain mail (worn)
 h - a +0 plate armour of fire resistance
 s - a scarf of cloud immunity (worn)
 E - a +2 hat (worn)
 H - a +0 pair of boots (worn)
Magical Staves
 y - an uncursed staff of death {unknown}
Jewellery
 p - a ring of protection from fire (right hand)
 G - an uncursed ring of ice
 K - a ring of magical power (left hand)
 Q - a cursed amulet of inaccuracy {unknown}
 T - a +4 amulet of reflection (around neck)
 W - an uncursed ring of wizardry {unknown}
Wands
 P - a wand of paralysis (15)
Scrolls
 d - 2 scrolls of enchant weapon
 k - 2 scrolls of remove curse
 l - 4 scrolls of enchant armour
 m - 2 scrolls of magic mapping
 n - 4 scrolls of fog
 u - 3 scrolls of immolation
 x - a scroll of noise {unknown}
 z - 3 scrolls of teleportation
 B - 3 scrolls of amnesia {unknown}
 F - a scroll of blinking
 I - 5 scrolls of identify
 O - a scroll of fear {unknown}
 U - a scroll of summoning {unknown}
Potions
 a - 2 potions of mutation
 g - 2 potions of cancellation
 j - a potion of agility
 o - 6 potions of haste
 t - a potion of magic
 v - a potion of ambrosia
 A - 2 potions of flight {unknown}
 D - 4 potions of lignification {unknown}
 J - a potion of degeneration {unknown}
 L - 4 potions of curing {unknown}
 M - a potion of brilliance {unknown}
 S - a potion of invisibility
 V - 3 potions of berserk rage {unknown}
Miscellaneous
 N - a lamp of fire
Comestibles
 c - 23 rations


   Skills:
 + Level 10.3 Fighting
 + Level 9.3 Long Blades
 + Level 9.3 Armour
 - Level 1.0 Dodging
 + Level 11.9 Invocations


You had 10 spell levels left.
You didn't know any spells.
Your spell library contained the following spells:

 Spells                   Type           Power        Failure   Level  Hunger
 Corona                   Hex            #......      98%         1    ##.....
 Flame Tongue             Conj/Fire      #....        98%         1    ##.....
 Magic Dart               Conj           #...         98%         1    ##.....
 Blink                    Tloc           N/A          99%         2    ###....
 Call Imp                 Summ           #.......     99%         2    ###....
 Searing Ray              Conj           #.....       99%         2    ###....
 Slow                     Hex            #.......     99%         2    ###....
 Throw Flame              Conj/Fire      #.....       99%         2    ###....
 Conjure Flame            Conj/Fire      #.......     100%        3    ####...
 Dazzling Spray           Conj/Hex       #.....       100%        3    ####...
 Inner Flame              Hex/Fire       #.......     100%        3    ####...
 Mephitic Cloud           Conj/Pois/Air  #.......     100%        3    ####...
 Portal Projectile        Hex/Tloc       #.....       100%        3    ####...
 Cause Fear               Hex            #.........   100%        4    #####..
 Force Lance              Conj/Tloc      #.......     100%        4    #####..
 Fulminant Prism          Conj/Hex       #.........   100%        4    #####..
 Iskenderun's Mystic Bla  Conj           #.......     100%        4    #####..
 Leda's Liquefaction      Hex/Erth       #.........   100%        4    #####..
 Sticky Flame             Conj/Fire      #.......     100%        4    #####..
 Fireball                 Conj/Fire      #.........   100%        5    ######.


Dungeon Overview and Level Annotations

Branches:
Dungeon (10/15)            Temple (0/1) D:6            Lair (4/6) D:9
  Swamp (0/4) Lair:4       Spider (0/4) Lair:4
    Orc: D:9-12

Altars:
Elyvilon
Uskayaw

Shops:
D:9 ?

Annotations:
D:4 Sigmund
D:5 5 runed translucent doors
D:7 3 runed translucent doors, Lavandula's ghost, novice TrHu
Lair:2 2 transporters, sergedm's ghost, journeyman DECj
Abyss:1 Gastronok


Innate Abilities, Weirdness & Mutations

You have sharp toenails.
You are mostly covered in icy blue scales. (AC +3)
You are significantly more attuned to the shadows.
You are completely covered in sharp spines.


Message History

The swamp worm bites you!
As you read the scroll of teleportation, it crumbles to dust.
You feel strangely unstable.
The swamp worm is struck by your spines.
The swamp worm bites you!
* * * LOW HITPOINT WARNING * * *
The swamp worm bites you but does no damage. x2
The swamp worm bites you!
* * * LOW HITPOINT WARNING * * *
The swamp worm closely misses you.
You riposte.
You slash the swamp worm! You burn the swamp worm.
The swamp worm is almost dead.
Okay, then.
Blink to where?
Press: ? - help, Dir - move target cursor You are very lightly contaminated with residual magic.
As you read the scroll of blinking, it crumbles to dust.
The swamp worm throws harpoon shot at you.
The harpoon shot hits you!
You die...

##......P#......#.♣♣♣*♣.*>**♣♣♣♣♣
.#.#..P###.....#.#♣.♣♣***≈≈*,,*,,
#..#...##.....P##..w≈♣.♣*≈≈,,,,,,
..................w.≈≈..**≈,,≈,,,
..................♣w≈≈..§**,≈≈≈*,
..................♣≈≈≈≈.,***≈≈≈*,
..................♣≈≈≈≈♣,***≈≈≈,,
..................♣≈≈≈≈♣,,,*≈≈≈,,
..#####.........@.♣≈≈≈≈♣,,,,,≈≈,*
...#####.......##♣♣≈≈≈♣♣♣**,,≈*♣♣
>.#...........##..♣♣♣♣♣.♣♣♣♣*♣♣#.
..##....#.....##....#♣^..♣.♣##P..
..##...##.....##.....#........'..
....................##......###..
...######.....#......#......###..
..##P####.....##............#...#
....................##...........


You could see a swamp worm.

Vanquished Creatures
  Erica (D:8)
  A centaur warrior (Volcano)
  Pikel (D:5)
  A black mamba (Lair:3)
  Joseph (Lair:1)
  A rime drake (Lair:3)
  3 spiny frogs
  2 komodo dragons
  A jumping spider (Lair:4)
  4 blink frogs (Lair:3)
  2 hippogriffs
  A spriggan (D:7)
  6 yaks (D:10)
  A shadow (D:9)
  2 fire bats (Volcano)
  Menkaure (D:5)
  Duvessa (D:5)
  A soldier ant (D:10)
  7 porcupines
  2 orc warriors
  A slave (D:5)
  2 ice beasts (D:10)
  2 black bears (D:9)
  7 phantoms
  An ogre (D:6)
  3 centaurs
  3 wolves (D:9)
  13 crocodiles
  Blork the orc (D:6)
  9 bullfrogs
  Dowan (D:5)
  A water moccasin skeleton (D:10)
  2 scorpions
  2 wights (D:8)
  2 electric eels
  A howler monkey (D:9)
  4 crimson imps
  A centaur zombie (D:10)
  7 hounds
  5 lava snakes (Volcano)
  A quasit (D:10)
  An orc priest (D:9)
  A jelly (D:7)
  A bullfrog skeleton (D:10)
  A centaur skeleton (D:4)
  5 orc wizards
  2 iguanas (D:9)
  2 worker ants
  A hound skeleton (D:6)
  A howler monkey zombie (D:7)
  A worker ant zombie (D:8)
  12 adders
  2 shadow imps (D:5)
  An ooze (D:6)
  An adder zombie (D:6)
  3 dart slugs (D:2)
  7 leopard geckos
  20 orcs
  12 giant cockroaches
  7 goblins
  6 hobgoblins
  4 jackals
  7 kobolds
  5 quokkas
  2 ball pythons
  9 bats
  2 frilled lizards
  6 rats
231 creatures vanquished.

Vanquished Creatures (others)
  A hell knight (Volcano)
  A wolf spider (Lair:4)
  2 molten gargoyles (Volcano)
  An orc warrior (D:9)
  4 centaurs (Volcano)
  3 lava snakes (Volcano)
  A quokka (D:10)
  2 fungi
  2 plants (D:9)
17 creatures vanquished.

Grand Total: 248 creatures vanquished

Notes
Turn   | Place    | Note
-------+----------+-------------------------------------------
     0 | Abyss:1  | mortelune the Demonspawn Abyssal Knight began the quest for
                  | the Orb.
     0 | Abyss:1  | Reached XP level 1. HP: 18/18 MP: 2/2
    42 | Abyss:1  | Noticed a large abomination
    43 | Abyss:1  | Noticed a thrashing horror
    44 | Abyss:1  | Noticed a quasit
    45 | D:1      | Escaped the Abyss
   287 | D:1      | Reached skill level 1 in Dodging
   582 | D:1      | Gained mutation: You are partially covered in icy blue
                  | scales. (AC +2) [demonic ancestry]
   582 | D:1      | Reached XP level 2. HP: 14/24 MP: 3/3
  1119 | D:1      | Reached * piety under Lugonu
  1488 | D:1      | Reached XP level 3. HP: 29/29 MP: 4/4
  1641 | D:2      | You fall through a shaft for 2 floors!
  1723 | D:4      | Gained mutation: You are partially covered in sharp spines.
                  | [demonic ancestry]
  1723 | D:4      | Reached XP level 4. HP: 37/37 MP: 5/5
  1742 | D:4      | Noticed a phantom
  2410 | D:2      | Gained mutation: You are slightly more attuned to the
                  | shadows. [demonic ancestry]
  2410 | D:2      | Reached XP level 5. HP: 42/42 MP: 6/6
  2606 | D:2      | Reached ** piety under Lugonu
  3662 | D:4      | Noticed a phantom
  3729 | D:4      | Killed a phantom
  3729 | D:4      | Gained mutation: You have sharp toenails. [demonic
                  | ancestry]
  3729 | D:4      | Reached XP level 6. HP: 49/49 MP: 7/7
  3936 | D:4      | Reached skill level 3 in Invocations
  4010 | D:4      | Reached skill level 5 in Fighting
  4010 | D:4      | Gained mutation: You are significantly more attuned to the
                  | shadows. [demonic ancestry]
  4010 | D:4      | Reached XP level 7. HP: 54/56 MP: 9/9
  4027 | D:4      | Noticed Sigmund
  4063 | D:5      | Entered Level 5 of the Dungeon
  4260 | D:5      | Noticed Duvessa
  4264 | D:5      | Noticed Dowan
  4281 | D:5      | Killed Duvessa
  4281 | D:5      | Reached skill level 4 in Invocations
  4285 | D:5      | Killed Dowan
  4479 | D:5      | Found a runed translucent gate.
  4481 | D:5      | Found a runed translucent gate.
  4481 | D:5      | Found a runed translucent gate.
  4492 | D:5      | Found a runed translucent door.
  4503 | D:5      | Found the +9 staff of Olgreb {rPois}
  4630 | D:5      | Noticed Pikel
  4657 | D:5      | Killed Pikel
  4657 | D:5      | Reached skill level 5 in Long Blades
  4657 | D:5      | Reached skill level 5 in Armour
  4657 | D:5      | Reached skill level 5 in Invocations
  4657 | D:5      | Gained mutation: You are mostly covered in sharp spines.
                  | [demonic ancestry]
  4657 | D:5      | Reached XP level 8. HP: 64/64 MP: 10/12
  4833 | D:5      | Noticed Menkaure
  4840 | D:5      | Killed Menkaure
  5201 | D:5      | Found a runed translucent door.
  5256 | D:6      | Reached skill level 6 in Invocations
  5605 | D:6      | Found a staircase to the Ecumenical Temple.
  5682 | D:6      | Noticed Blork the orc
  5689 | D:6      | Killed Blork the orc
  5905 | D:6      | Reached *** piety under Lugonu
  5990 | D:6      | Noticed a hippogriff
  6187 | D:7      | Noticed a +0 dagger
  6189 | D:7      | Noticed a +0 hand axe
  6196 | D:7      | Found a hide-covered altar of Uskayaw.
  6496 | D:7      | Gained mutation: You are mostly covered in icy blue scales.
                  | (AC +3) [demonic ancestry]
  6496 | D:7      | Reached XP level 9. HP: 67/71 MP: 14/14
  6732 | D:7      | Found a runed translucent gate.
  6732 | D:7      | Found a runed translucent gate.
  6732 | D:7      | Found a runed translucent gate.
  6732 | D:7      | Noticed Lavandula's ghost (novice TrHu)
  6890 | D:7      | Reached skill level 7 in Invocations
  7624 | D:8      | Noticed Erica
  7651 | D:8      | Killed Erica
  7651 | D:8      | Reached skill level 8 in Invocations
  8430 | D:9      | Noticed Gastronok
  8439 | D:9      | Banished Gastronok
  8439 | D:9      | Reached skill level 9 in Invocations
  8439 | D:9      | Reached XP level 10. HP: 45/80 MP: 16/16
  8950 | D:9      | Found a staircase to the Lair.
  9142 | D:9      | Found Iloiroe Puupt's Magic Scroll Shoppe.
  9145 | D:9      | Bought a scroll of teleportation for 48 gold pieces
  9145 | D:9      | Bought a scroll of fog for 32 gold pieces
  9145 | D:9      | Bought a scroll of teleportation for 48 gold pieces
  9145 | D:9      | Bought a scroll of identify for 32 gold pieces
  9145 | D:9      | Bought a scroll of immolation for 56 gold pieces
  9149 | D:9      | Bought a scroll of identify for 32 gold pieces
  9149 | D:9      | Bought a scroll of identify for 32 gold pieces
  9500 | D:9      | Reached **** piety under Lugonu
  9829 | D:10     | Entered Level 10 of the Dungeon
  9983 | D:10     | Reached skill level 10 in Invocations
 10290 | D:10     | Found a white marble altar of Elyvilon.
 11033 | D:9      | Gained mutation: You are completely covered in sharp
                  | spines. [demonic ancestry]
 11033 | D:9      | Reached XP level 11. HP: 54/89 MP: 18/18
 11230 | Lair:1   | Entered Level 1 of the Lair of Beasts
 11267 | Lair:1   | Got a warped spear
 11302 | Lair:1   | Identified the +8 spear "Jomoeth" {pain, +Fly rPois Str-3
                  | SInv} (You found it on level 1 of the Lair of Beasts)
 11852 | Lair:1   | Noticed Joseph
 11866 | Lair:1   | Killed Joseph
 12377 | Lair:2   | Found a transporter.
 12382 | Lair:2   | Noticed sergedm's ghost (journeyman DECj)
 12408 | Lair:2   | Noticed a death yak
 12452 | Lair:2   | Found a transporter.
 12818 | Lair:2   | Got a brightly glowing short sword
 12819 | Lair:2   | Identified the +10 short sword of Pug Ypev {antimagic,
                  | *Noise rPois Str+4} (You found it on level 2 of the Lair of
                  | Beasts)
 13305 | Lair:3   | Reached skill level 11 in Invocations
 14130 | Lair:3   | Noticed a catoblepas
 14537 | Lair:4   | Found a dark tunnel.
 14544 | Volcano  | Entered a volcano
 14750 | Volcano  | Reached skill level 10 in Fighting
 15152 | Volcano  | Found a radiant altar of Vehumet.
 15152 | Volcano  | Noticed a centaur warrior
 15161 | Volcano  | Noticed a hell knight
 15163 | Volcano  | Corrupted Volcano
 15163 | Volcano  | Noticed a hell hog
 15163 | Volcano  | Killed a centaur warrior
 15168 | Volcano  | Noticed a thrashing horror
 15169 | Volcano  | Killed a hell knight
 16225 | Lair:4   | Noticed a wolf spider
 16226 | Lair:4   | Found a hole to the Spider Nest.
 16238 | Lair:4   | HP: 3/91 [wolf spider (8)]
 16243 | Lair:4   | Banished a wolf spider
 16744 | Lair:4   | HP: 1/92 [swamp worm (16)]
 16746 | Lair:4   | Killed from afar by a swamp worm

Skill      XL: |  1  2  3  4  5  6  7  8  9 10 11 |
---------------+----------------------------------+-----
Dodging        | 1 |  1.0
Long Blades    | 2 3 4 5 7 8 9 |  9.3
Armour         | 2 3 4 5 7 8 9 |  9.3
Fighting       | 4 5 6 8 9 10 | 10.3
Invocations    | 3 5 6 9 10 11 | 11.9

Action                   |  1- 3 |  4- 6 |  7- 9 | 10-12 || total
-------------------------+-------+-------+-------+-------++-------
Melee: Falchion          |   104 |   145 |   120 |       ||   369
       Kick              |       |     6 |    55 |       ||    61
       Long sword        |       |       |    80 |       ||    80
       Scimitar          |       |       |    11 |   287 ||   298
       Short sword       |       |       |       |    28 ||    28
Invok: Depart the Abyss  |     1 |       |       |       ||     1
       Banish            |       |       |       |     5 ||     5
       Bend Space        |       |       |       |     1 ||     1
       Corrupt           |       |       |       |     1 ||     1
  Use: Scroll            |       |     7 |     1 |    15 ||    23
       Potion            |       |       |     1 |     4 ||     5
 Stab: Invisible         |       |       |     4 |       ||     4
  Eat: Chunk             |     3 |     4 |    10 |    17 ||    34
       Ration            |       |     1 |     1 |     3 ||     5
Armor: Ring mail         |    21 |       |       |       ||    21
       Leather armour    |     2 |       |       |       ||     2
       Chain mail        |    80 |   102 |   148 |   205 ||   535
       Plate armour      |     1 |       |       |    24 ||    25
Dodge: Dodged            |    57 |    40 |    66 |   111 ||   274
Block: Other             |       |       |       |    16 ||    16
       Reflection        |       |       |       |     4 ||     4
       Rpst.: Falchion   |    18 |    10 |    10 |       ||    38
       Long sword        |       |       |    10 |       ||    10
       Scimitar          |       |       |     1 |    18 ||    19
